 Dungeon Crawl Stone Soup version 0.15-a0-1363-g87d8b17 (webtiles) character file.

557 multistability the Conjurer (level 7, 0/36 HPs)
             Began as a Deep Elf Conjurer on Jan 23, 2014.
             Killed from afar by Eustachio (13 damage)
             ... with a wand of flame
             ... on Level 4 of the Dungeon on June 9, 2014.
             The game lasted 00:27:12 (3287 turns).

multistability the Conjurer (Deep Elf Conjurer)     Turns: 3287, Time: 00:27:12

HP   0/36        AC  4     Str  5      XL: 7   Next:  9%
MP  18/22        EV 13     Int 22      God:
Gold 192         SH  0     Dex 15      Spells:  2 memorised, 13 levels left

rFire  . . .     SeeInvis .     p - +1 whip (holy)
rCold  . . .     Clarity  .     a - +0 robe
rNeg   . . .     rCorr    .     (no shield)
rPois  .         rRot     .     (no helmet)
rElec  .         Spirit   .     j - +0 cloak
SustAb .         Warding  .     (no gloves)
rMut   .         Stasis   .     o - +0 pair of boots
Gourm  .                        (no amulet)
MR     .....                    (no ring)
                                r - ring of invisibility

@: not resistant to hostile enchantments, unstealthy
A: no striking features
a: Evoke Invisibility


You were on level 4 of the Dungeon.
You were not hungry.

You visited 1 branch of the dungeon, and saw 4 of its levels.

You collected 192 gold pieces.

Inventory:

Hand weapons
 f - a +0,+2 dagger of speed
 p - a +1,+1 whip of holy wrath (weapon)
 q - a +0 blowgun
Missiles
 t - 20 poisoned needles
Armour
 a - a +0 robe (worn)
 j - a +0 cloak (worn)
 o - a +0 pair of boots (worn)
Magical devices
 w - a wand of slowing (5) {unknown}
Comestibles
 b - 3 bread rations
 m - 2 fruits
 v - a meat ration
 A - a rotting chunk of giant gecko flesh
Scrolls
 d - a scroll of curse jewellery {unknown}
 e - a scroll of enchant weapon I {unknown}
 g - a scroll of amnesia {unknown}
 h - 4 scrolls of identify {unknown}
 i - 2 scrolls of enchant armour {unknown}
 n - 4 scrolls of remove curse {unknown}
 s - a scroll of recharging {unknown}
 x - a scroll of teleportation {unknown}
Jewellery
 r - a ring of invisibility (left hand)
 y - an uncursed ring of ice
Potions
 k - a potion of haste
 l - 2 potions of mutation {unknown}
 u - a potion of heal wounds
 B - a potion of restore abilities {unknown}
Books
 c - a book of Conjurations

   Spells                             Type                      Level
   *Magic Dart                        Conjuration                  1
   *Searing Ray                       Conjuration                  2
   Dazzling Spray                     Conjuration/Hexes            3
   Fulminant Prism                    Conjuration/Hexes            4
   Iskenderun's Mystic Blast          Conjuration                  4
   Iskenderun's Battlesphere          Conjuration/Charms           5


   Skills:
 - Level 2.4 Dodging
 - Level 2.4 Stealth
 - Level 5.1 Spellcasting
 * Level 8.7 Conjurations


You had 13 spell levels left.
You knew the following spells:

 Your Spells              Type           Power        Failure   Level  Hunger
a - Magic Dart            Conj           ####         1%          1    None
b - Searing Ray           Conj           #####.       1%          2    None


Dungeon Overview and Level Annotations

Branches:
Dungeon (4/16)
 Temple: D:4-7

Altars:
Gozag
Makhleb
Nemelex Xobeh
Trog
Xom
The Shining One

Shops:
D:3 *   D:4 =

Annotations:
D:4 Eustachio


Message History

Eustachio zaps a wand.
The puff of flame hits you!
Press: ? - help, v - describe, . - travel The floor.
Eustachio is nearby!
The smell of rotting flesh makes you sick. (slot A)
Casting: Magic Dart
Confirm with . or Enter, or press ? or * to list all spells.
Aiming: Searing Ray
Press: ? - help, Shift-Dir - straight line, f - Eustachio
Aim: Eustachio, wielding a falchion, wearing a leather armour and carrying a wand of flame {zapped: 1} The searing ray hits Eustachio.
Eustachio is lightly wounded.
Eustachio zaps a wand.
The puff of flame hits you!
The searing ray hits Eustachio.
Eustachio is moderately wounded.
Eustachio zaps a wand.
The puff of flame hits you!
The searing ray hits Eustachio.
Eustachio is heavily wounded.
Eustachio zaps a wand.
The puff of flame hits you!
You die...

..........≈≈#≈≈. @......
..........≈≈≈≈≈........
..........≈###≈.. ....#
.....)....≈≈≈≈≈# ....# ###
###...........## #...## ##.## #
#...........# #....###...##
###....###....## ##@..........##
.......# #.....###.............##
.......###......@...............#
....................[............
......)..........................
..<.<............................
...<................)............
.....................(...........
.......###...............)......#
.......# #.....###.............##
###....###....## ##...........##


You could see Eustachio.

Vanquished Creatures
  The ghost of MrRokkomies the Covered, an average FoWr of Fedhas (D:3)
  A crimson imp (D:4)
  A hound (D:4)
  2 orc priests (D:3)
  Crazy Yiuf (D:2)
  2 orc wizards (D:3)
  Natasha (thrice) (D:3)
  A worker ant (D:4)
  An adder (D:2)
  A worm (D:4)
  4 giant geckos
  10 orcs
  2 bats
  10 giant cockroaches
  11 hobgoblins
  8 jackals
  9 kobolds
  3 ball pythons
  2 giant newts
  7 goblins
  3 quokkas
  6 rats
89 creatures vanquished.

Notes
Turn   | Place    | Note
--------------------------------------------------------------
     0 | D:1      | multistability, the Deep Elf Conjurer, began the quest for the Orb.
     0 | D:1      | Reached XP level 1. HP: 10/10 MP: 5/5
    14 | D:1      | Upgraded the game from 0.14-a0-2071-g7172c92 to 0.15-a0-1363-g87d8b17
   377 | D:1      | Reached XP level 2. HP: 15/15 MP: 6/8
   466 | D:1      | Reached skill level 5 in Conjurations
   892 | D:2      | Noticed Crazy Yiuf
   899 | D:2      | Killed Crazy Yiuf
   899 | D:2      | Reached XP level 3. HP: 7/19 MP: 1/10
   998 | D:2      | Reached skill level 6 in Conjurations
  1022 | D:2      | Learned a level 2 spell: Searing Ray
  1290 | D:2      | Reached XP level 4. HP: 24/24 MP: 8/13
  1579 | D:3      | Found a glowing golden altar of the Shining One.
  1579 | D:3      | Found a burning altar of Makhleb.
  1579 | D:3      | Found a shimmering altar of Xom.
  1579 | D:3      | Found a sparkling altar of Nemelex Xobeh.
  1583 | D:3      | Found a bloodstained altar of Trog.
  1683 | D:3      | Noticed Natasha
  1972 | D:3      | Killed Natasha
  1972 | D:3      | Reached skill level 5 in Spellcasting
  1972 | D:3      | Reached XP level 5. HP: 15/28 MP: 10/19
  2172 | D:3      | Noticed MrRokkomies' ghost (average FoWr)
  2185 | D:3      | Killed MrRokkomies' ghost
  2185 | D:3      | Reached skill level 7 in Conjurations
  2185 | D:3      | Reached XP level 6. HP: 17/32 MP: 6/21
  2295 | D:3      | Reached skill level 8 in Conjurations
  2551 | D:3      | Found an opulent altar of Gozag.
  2553 | D:3      | Found Gozag's Platinum Reserve.
  2622 | D:3      | Noticed Natasha
  2626 | D:3      | Killed Natasha
  2812 | D:3      | Noticed Natasha
  2812 | D:3      | Killed Natasha
  3058 | D:4      | Reached XP level 7. HP: 36/36 MP: 12/22
  3171 | D:4      | Found Schejehea's Jewellery Shoppe.
  3277 | D:4      | Noticed Eustachio
  3287 | D:4      | Killed from afar by Eustachio

Action                   |  1- 3 |  4- 6 |  7- 9 || total
-------------------------+-------+-------+-------++-------
Melee: Dagger            |     1 |       |       ||     1
 Cast: Magic Dart        |    68 |   134 |    14 ||   216
       Searing Ray       |       |     6 |     2 ||     8
  Use: Potion            |     3 |       |       ||     3
